cohdb
Replays
Latest Replays
All Replays
Popular Replays
Top Player Replays
Match Explorer
How It Works
Community
CoH3 Stats
Reddit
Sign in to upload your games and track your stats! →
Sign in with Steam
Match 43058149
Unlisted
Match 43058149
Overview
Messages
Build Orders
End
Construct Infanterie Kompanie
Selects Luftwaffe Battlegroup
Selects Luftwaffe Pioneer Support
Fallschirmpioneer Squad Paradrop
Pioneer Squad
Fallschirmpioneer Squad Paradrop
Construct Infanterie Kompanie
Kettenkrad Recon Vehicle
GrW 34 Mortar Team
Goldkeeper
队友都是菜逼
ConcernedApe
oldtown
0
0
Comments
sign in to comment!
No comments posted yet!